 Dungeon Crawl Stone Soup version 0.31-a0-716-gc7603755dd (webtiles) character file.

Game seed: 5738456639364445562

29 cforsyth the Trooper (level 3, -1/30 HPs)
             Began as a Djinni Chaos Knight on Sept 10, 2023.
             Was a Plaything of Xom.
             Slain by a killer bee (4 damage)
             ... on level 2 of the Dungeon.
             The game lasted 00:02:27 (1082 turns).

cforsyth the Trooper (Djinni Chaos Knight)          Turns: 1082, Time: 00:02:27

Health: -1/30      AC:  3    Str: 11      XL:     3   Next: 32%
Gold:   77         EV: 11    Int: 14 (15) God:    Xom [..*...] SH:  0 Dex: 12

rFire   + + .        a - +0 falchion (chaos)
rCold   x . .        (no shield)
rNeg    . . .        b - +2 leather armour
rPois   ∞            (no helmet)
rElec   .            (no cloak)
rCorr   .            (no gloves)
SInv    .            (boots unavailable)
Will    .....        (no amulet)
Stlth   +            (no ring)
HPRegen 0.25/turn    (no ring)
MPRegen 0.00/turn

%: infuse magic (-2 HP)
@: flying
A: sickness immunity, fire resistance 2, cold vulnerability 1, float, innate
caster, HP casting, extra vitality 1, claws 1, deformed body, mutation
resistance 1
a: Renounce Religion


You were on level 2 of the Dungeon.
You worshipped Xom.
You were a toy of Xom.
You visited 1 branch of the dungeon, and saw 2 of its levels.

You collected 77 gold pieces.

Inventory:

Hand Weapons
 a - a +0 falchion of chaos (weapon)
Armour
 b - a +2 leather armour (worn)
Scrolls
 e - a scroll of torment {unknown}
 g - a scroll of fear {unknown}
 h - 2 scrolls of identify {unknown}
 j - a scroll of acquirement {unknown}
 l - a scroll of enchant weapon {unknown}
Potions
 d - a potion of cancellation {unknown}
 i - a potion of resistance {unknown}
 k - a potion of heal wounds {unknown}


   Skills:
 + Level 3.6 Fighting
 - Level 2.6 Long Blades
 - Level 1.0 Armour
 - Level 2.1 Dodging
 + Level 1.2 Spellcasting
 + Level 1.2 Conjurations
 + Level 1.2 Hexes
   Level 0.0 Charms
 + Level 1.2 Summonings
 + Level 1.2 Necromancy
 + Level 1.2 Translocations
 + Level 1.2 Transmutations
 + Level 1.2 Fire Magic
 + Level 1.2 Ice Magic
 + Level 1.2 Air Magic
 + Level 1.2 Earth Magic
 + Level 1.2 Poison Magic


You knew the following spells:

 Your Spells              Type           Power      Damage    Failure   Level
a - Slow                  Hex            16%        N/A       21%         1
Your spell library was empty.

Dungeon Overview and Level Annotations

Branches:
Dungeon (2/15)

Altars:


Innate Abilities, Weirdness & Mutations

You are immune to sickness and miasma.
You are immune to poison.
Your flesh is very heat resistant. (rF++)
You are vulnerable to cold. (rC-)
You float through the air rather than walking.
You learn spells naturally, not from books.
Your magical power is your life essence.
You have superior vitality. (+4 MHP)
You have sharp fingernails.
Armour fits poorly on your strangely shaped body.
You are somewhat resistant to further mutation.


Message History

You are very lightly contaminated with residual magic.
Nothing appears to happen.
* * * LOW HITPOINT WARNING * * *
The killer bee stings you but does no damage. x2
You hit the killer bee.
The killer bee is moderately wounded.
The killer bee barely misses you. x2; The killer bee stings you.
* * * LOW HITPOINT WARNING * * *
As you read the scroll of butterflies, it crumbles to dust.
You hear the flapping of tiny wings.
The killer bee is knocked back by the sudden gust.
The killer bee completely misses your butterfly.
You swap places.
The killer bee barely misses your butterfly. x2
You swap places.
Xom grants you a minor favour.
You feel better.
The killer bee misses your butterfly. x2
You swap places.
The killer bee barely misses your butterfly. x2
The killer bee stings your butterfly.
Your butterfly dies!
Your butterfly disappears in a burst of colours!
The killer bee barely misses your butterfly.
Your magical contamination has completely faded away.
The killer bee stings your butterfly!
Your butterfly dies!
Your butterfly disappears in a burst of colours!
You swap places.
You hit the killer bee.
The killer bee is heavily wounded.
The killer bee stings you.
* * * LOW HITPOINT WARNING * * *
The killer bee closely misses you.
You barely miss the killer bee.
The killer bee is heavily wounded.
The killer bee stings you.
* * * LOW HITPOINT WARNING * * *
The killer bee stings you.
You die...
Xom chuckles heartily!

####### #.....# ###### #.....#
#....# #.....# #! #....#
#.....# ...
#....####.bb..#######.b.b
#######.......@ybbb.......b..bb
#..........####.b...###########
#..........####.....#
#......>....#...b..##
#...........#...)..#
#...........#......#
#.........#.#......###
#.......#.#.#........#
####......#.....##.#.#


You could see a killer bee (ally target).

Vanquished Creatures
  A worm (D:2)
  A dart slug (D:1)
  2 ball pythons (D:1)
  2 endoplasms (D:1)
  2 giant cockroaches
  3 goblins (D:1)
  2 hobgoblins (D:1)
  2 quokkas
  3 bats
  A kobold (D:1)
  2 rats (D:1)
21 creatures vanquished.

Notes
Turn   | Place    | Note
-------+----------+-------------------------------------------
     0 | D:1      | cforsyth the Djinni Chaos Knight began the quest for the
                  | Orb.
     0 | D:1      | Reached XP level 1. HP: 20/20 MP: 0/0
    69 | D:1      | XOM: potion effect (berserk rage)
    75 | D:1      | XOM: give mutations
    75 | D:1      | Gained mutation: You are partially covered in iridescent
                  | scales. (AC +2) [Xom's mischief]
    75 | D:1      | Lost mutation: You are partially covered in iridescent
                  | scales. (AC +2) [Xom's mischief]
    81 | D:1      | Reached XP level 2. HP: 25/25 MP: 0/0
   104 | D:1      | XOM: stat loss: -1 Int (12/13)
   194 | D:1      | XOM: noise
   201 | D:1      | Reached skill level 1 in Spellcasting
   201 | D:1      | Reached skill level 1 in Conjurations
   201 | D:1      | Reached skill level 1 in Hexes
   201 | D:1      | Reached skill level 1 in Summonings
   201 | D:1      | Reached skill level 1 in Necromancy
   201 | D:1      | Reached skill level 1 in Translocations
   201 | D:1      | Reached skill level 1 in Transmutations
   201 | D:1      | Reached skill level 1 in Fire Magic
   201 | D:1      | Reached skill level 1 in Ice Magic
   201 | D:1      | Reached skill level 1 in Air Magic
   201 | D:1      | Reached skill level 1 in Earth Magic
   201 | D:1      | Reached skill level 1 in Poison Magic
   381 | D:1      | XOM: noise
   723 | D:1      | Reached XP level 3. HP: 30/30 MP: 0/0
   723 | D:1      | Learned a level 1 spell: Slow
   733 | D:1      | XOM: divination: detect creatures
  1008 | D:2      | XOM: smoke on damage
  1063 | D:2      | an adder changed into a killer bee
  1063 | D:2      | Noticed a killer bee
  1065 | D:2      | Gained mutation: You have sharp fingernails. [potion of
                  | mutation]
  1065 | D:2      | Gained mutation: Armour fits poorly on your strangely
                  | shaped body. [potion of mutation]
  1065 | D:2      | Gained mutation: You are somewhat resistant to further
                  | mutation. [potion of mutation]
  1068 | D:2      | HP: 1/30 [killer bee (6)]
  1071 | D:2      | XOM: potion effect (curing)
  1082 | D:2      | Slain by a killer bee

Illustrated notes

Levels and vault maps discovered:
D:1:      lightli_arrival_windingriver, layout_basic
D:2:      layout_basic, minmay_misc_feat_tiny

Skill      XL: |  1  2 |
---------------+-------+-----
Spellcasting   | 1 |  1.2
Conjurations   | 1 |  1.2
Hexes          | 1 |  1.2
Summonings     | 1 |  1.2
Necromancy     | 1 |  1.2
Translocations | 1 |  1.2
Transmutations | 1 |  1.2
Fire Magic     | 1 |  1.2
Ice Magic      | 1 |  1.2
Air Magic      | 1 |  1.2
Earth Magic    | 1 |  1.2
Poison Magic   | 1 |  1.2
Fighting       | |  3.6
Long Blades    | |  2.6
Armour         | |  1.0
Dodging        | |  2.1

Action                     || total
---------------------------++-------
  Melee: Falchion          ||    77
         Punch             ||     1
   Cast: Slow              ||     1
    Use: Scroll            ||     1
         Potion            ||     1
 Armour: Leather armour    ||    62
  Dodge: Dodged            ||    49

Table legend: (Time is in decaauts)
 A = Elapsed time spent in this place.
 B = Non-inter-level travel time spent in this place.
 C = Inter-level travel time spent in this place.
 D = Time resting spent in this place.
 E = Time spent auto-exploring this place.
 F = Levels seen in this place.
 G = Mean time per level.
                   A        B        C        D        E       F      G
               +--------+--------+--------+--------+--------+-----+--------+
         Total |   1099 |   1062 |     37 |      0 |    864 |   2 |  549.5 |
       Dungeon |   1099 |   1062 |     37 |      0 |    864 |   2 |  549.5 |
               +--------+--------+--------+--------+--------+-----+--------+

Top non-repeatable levels by time:
     D:1: 858 daAuts
     D:2: 241 daAuts
